 Dungeon Crawl Stone Soup version 0.24.0-13-gcf9b319 (webtiles) character file.

Game seed: 10106883160553623635, levelgen mode: deterministic

36 Bronimir the Stinger (level 3, -6/25 HPs)
             Began as a Formicid Venom Mage on Mar 16, 2020.
             Mangled by a crocodile (10 damage)
             ... in a sewer.
             The game lasted 00:05:26 (1625 turns).

Bronimir the Stinger (Formicid Venom Mage)          Turns: 1625, Time: 00:05:27

Health: -6/25      AC:  5    Str: 13    XL:     3   Next: 57%
Magic:  1/6        EV: 11    Int: 14    God:
Gold:   48         SH:  0    Dex: 11    Spells: 0/6 levels left

rFire    . . .     SeeInvis +   f - +0 hand axe
rCold    . . .     Gourm    +   (no shield)
rNeg     . . .     Faith    .   i - +0 ring mail
rPois    .         Spirit   .   (helmet unavailable)
rElec    .         Reflect  .   (no cloak)
rCorr    .         Harm     .   (no gloves)
MR       .....                  (no boots)
Stlth    +.........             l - amulet of the gourmand
HPRegen  0.08/turn              m - ring of teleportation (curse)
MPRegen  0.10/turn              (no ring)

@: very slightly contaminated
A: permanent stasis, dig shafts and tunnels, four strong arms, antennae 3
a: Dig, Shaft Self


You were in a sewer.
You were very full.

You visited 1 branch of the dungeon, and saw 3 of its levels.
You also visited: Sewer.

You collected 48 gold pieces.

Inventory:

Hand Weapons
 b - a +0 hunting sling
 f - a +0 hand axe (weapon)
Missiles
 k - 31 arrows
 q - 3 boomerangs (quivered)
 r - 42 stones
Armour
 a - a +0 robe
 i - a +0 ring mail (worn)
 j - a cursed +0 helmet
 u - a cursed +0 leather armour
 w - a +0 leather armour
Jewellery
 l - an amulet of the gourmand (around neck)
 m - a cursed ring of teleportation (left hand)
Scrolls
 d - 2 scrolls of amnesia {unknown}
 e - 2 scrolls of enchant armour {unknown}
 h - 2 scrolls of fear {unknown}
 n - a scroll of immolation {unknown}
 o - a scroll of teleportation {unknown}
 p - 3 scrolls of remove curse {unknown}
 s - 2 scrolls of identify {unknown}
Potions
 g - 2 potions of curing {unknown}
 v - a potion of brilliance {unknown}
Comestibles
 c - 9 rations


   Skills:
 * Level 0.9 Fighting
 + Level 0.4 Axes
 * Level 1.0 Armour
 + Level 2.0 Dodging
 - Level 2.4 Stealth
 + Level 2.4 Spellcasting
 + Level 0.8 Conjurations
 * Level 4.8 Poison Magic


You couldn't memorise any spells.
You knew the following spells:

 Your Spells              Type           Power        Failure   Level  Hunger
a - Sting                 Conj/Pois      #...         16%         1    #......
b - Poisonous Vapours     Pois/Air       #.....       26%         2    ###....
c - Mephitic Cloud        Conj/Pois/Air  #.......     54%         3    ###....

Your spell library contained the following spells:

 Spells                   Type           Power        Failure   Level  Hunger
 Olgreb's Toxic Radiance  Pois           ###.....     54%         4    #####..
 Venom Bolt               Conj/Pois      #.........   99%         5    ######.


Dungeon Overview and Level Annotations

Branches:
Dungeon (3/15)              Sewer (1/1)

Altars:


Innate Abilities, Weirdness & Mutations

You cannot be hasted, slowed, berserked, paralysed or teleported.
You can dig through walls and to a lower floor.
Your four strong arms can wield two-handed weapons with a shield.
You have a pair of large antennae on your head. (SInv)


Message History

Wisps of poison gas drift from your hands.
Casting: Poisonous Vapours (safe; 26% risk of failure)
Confirm with . or Enter, or press ? or * to list all spells.
Aiming: Poisonous Vapours (safe; 26% risk of failure)
Press: ? - help, Dir - move target cursor, f/p - crocodile
Aim: a crocodile Poisonous vapours surround the crocodile!
The crocodile is engulfed in poison gas.
The crocodile is poisoned.
You barely miss the crocodile.
The crocodile is moderately wounded.
The crocodile bites you!
You hit the crocodile but do no damage.
The crocodile is moderately wounded.
The crocodile bites you!
* * * LOW HITPOINT WARNING * * *
The crocodile barely misses you.
The crocodile looks more healthy.
The crocodile bites you!
You die...

#### ####..#
#≈##..# #≈##..#
######## #≈###.##
###......###
##≈##...#
###...≈.≈....###
#.≈.#)..#
#.....####.≈≈..###
#.≈.....# #....≈###
###≈t@..###.≈.....#
.≈..≈##
##.....≈.≈≈÷#####
#..≈.
#.≈.≈.###≈≈.÷...#
≈##.. #≈....###
#.≈...∩.# ###
.≈...### #.≈.#.∩.#
....## ##≈##...#
#### #≈###### #≈#
###


You could see a crocodile.

Vanquished Creatures
  A worm (D:3)
  An orc (D:3)
  4 giant cockroaches
  3 goblins
  3 hobgoblins
  2 jackals (Sewer)
  5 kobolds
  A quokka (D:3)
  A ball python (D:3)
  4 bats
  2 frilled lizards (D:1)
  3 rats
30 creatures vanquished.

Notes
Turn   | Place    | Note
-------+----------+-------------------------------------------
     0 | D:1      | Bronimir the Formicid Venom Mage began the quest for the
                  | Orb.
     0 | D:1      | Reached XP level 1. HP: 13/13 MP: 3/3
   388 | D:1      | Reached XP level 2. HP: 15/19 MP: 5/5
   709 | D:2      | You fall into a shaft and drop 1 floor!
   972 | D:3      | Reached XP level 3. HP: 24/24 MP: 3/6
   981 | D:3      | Learned a level 2 spell: Poisonous Vapours
   985 | D:3      | Learned a level 3 spell: Mephitic Cloud
  1058 | D:3      | Reached skill level 1 in Armour
  1067 | D:3      | Found a glowing drain.
  1111 | Sewer    | Entered a sewer
  1608 | Sewer    | Noticed a crocodile
  1625 | Sewer    | Mangled by a crocodile

Levels and vault maps discovered:
D:1:      dpeg_arrival_tiny_k, layout_rooms
D:2:      layout_basic, minmay_quantized, uniq_terence
D:3:      layout_loops_ring, cheibrodos_sewer_entry_drain
Sewer:    sewer_the_crocodile

Skill      XL: |  1  2  3 |
---------------+----------+-----
Dodging        | 2 |  2.0
Armour         | 1 |  1.0
Fighting       | |  0.9
Axes           | |  0.4
Stealth        | |  2.4
Spellcasting   | |  2.4
Conjurations   | |  0.8
Poison Magic   | |  4.8

Action                   || total
-------------------------++-------
Melee: Hand axe          ||    99
       Unarmed           ||     4
Throw: Boomerang         ||     2
 Cast: Sting             ||     8
       Poisonous Vapours ||     4
 Stab: Sleeping          ||     3
  Eat: Chunk             ||    12
Armor: Ring mail         ||    49
       Leather armour    ||     1
Dodge: Dodged            ||    92
